tertium, neutral male human Tourist -----------Q.-- .........=.f[.| --+---.--.--:-+| - |..| ..|-.|.@[.| ..---|..|-.+-..--|d.| --+-.....-.--.. .....--+| -......--................| .......-|..--------+--..-- ...{....|--| |.. -.......| | |.. --....--| - -. ..|....|------ -...-|.(((| -.%.-.)(.| ..-|.(.(| . ---.-- tertium the Excursionist Experience level: 6 Strength: 12 Dexterity: 12 Constitution: 17 Intelligence: 12 Wisdom: 8 Charisma: 15 Health: 0(54) Energy: 23(23) AC: 4 Gold: 1051 Moves: 4804 Your Inventory: Coins $ - 1051 gold pieces Weapons a - an [uncursed +0] crude dagger [orcish] (weapon in hand) b - an [uncursed +0] long sword u - 10 +2 darts (in quiver) T - an [uncursed +0] dagger Armor d - a [cursed -1] hooded cloak [dwarvish] j - an uncursed +0 Hawaiian shirt m - an [uncursed] +0 pair of hard shoes [iron] (being worn) y - an [uncursed +0] leather hat [elven leather helm] z - an [uncursed] +0 elven cloak (being worn) A - a [cursed -1] pair of hiking boots named cursed [fumble] B - an [uncursed] +0 oilskin cloak C - an [uncursed] +0 studded leather armor (being worn) N - an [uncursed +0] hard hat [dwarvish iron helm] Comestibles f - 2 [uncursed] lembas wafers K - 3 uncursed food rations Scrolls h - 3 uncursed scrolls of magic mapping i - a blessed scroll of magic mapping n - an [uncursed] scroll labeled TEMOV [of enchant weapon] w - an [uncursed] scroll labeled ETAOIN SHRDLU [of flood] Potions r - a [blessed] brown potion [of sickness] x - a [cursed] silver potion [of invisibility] E - a [blessed] orange potion [of levitation] W - an [uncursed] clear potion [of water] Z - a [cursed] magenta potion [of speed] Tools g - an [uncursed] tin whistle k - an expensive camera (0:31) s - an [uncursed] key [skeleton key] v - an [uncursed] can of grease [0:21] D - an [uncursed tallow] candle H - an [uncursed] magic marker [0:64] Q - an uncursed credit card X - an [uncursed] key [skeleton key] Gems p - an [uncursed] black gem [worthless glass] t - an [uncursed] yellow gem [worthless glass] F - an [uncursed] white gem [worthless glass] G - 2 [uncursed] violet gems [worthless glass] Spells known in the end: Name Level Category Fail Memory a - healing 1 healing 40% [|||||||.] Your skills at the end: Fighting Skills Weapon Skills dagger [Basic / Expert] dart [Basic / Expert] Spellcasting Skills Final Attributes: You were piously aligned. Hunger level was 1141. Your alignment was 33 / 34. Monster difficulty range was 1 - 6. Level difficulty was 7. You were hallucinating. You were stealthy. You were lucky (1). You are dead. Vanquished creatures: a black light an imp a rock piercer 4 gnome lords a ghoul a straw golem a wax golem a giant ant 2 floating eyes 6 dwarves a homunculus a giant bat 2 iguanas a coyote 2 gas spores 3 hobbits 2 large kobolds a hobgoblin 3 giant rats 2 cave spiders 4 yellow molds 2 green molds a red mold 24 gnomes 2 geckos 8 jackals a fox 4 kobolds 3 goblins 6 sewer rats 10 grid bugs a bat 5 lichens a kobold zombie 6 newts and a partridge in a pear tree 115 creatures vanquished. Voluntary challenges: You used a wielded weapon 96 times. You read items or engraved 1 time. You put on armor 10 times. You never genocided any monsters. You never polymorphed an object. You never changed form. You used no wishes. You abstained from Elbereth's help. You never encountered a bones level. You never used any Sokoban shortcuts. Dungeon overview: The Dungeons of Doom: levels 1 to 3 Level 1 a long staircase Level 2 an armor shop, a fountain Level 3 a weapon shop, a fountain, a sink stairs to The Gnomish Mines The Gnomish Mines: levels 4 to 7 Level 4 stairs to The Dungeons of Doom Level 7 <- You were here a tool shop, a fountain History has recorded: On T:1 you entered the Dungeons of Doom to retrieve the Amulet of Yendor! On T:189 you reached level 2 of The Dungeons of Doom. On T:232 you advanced to experience level 2. On T:778 you advanced to experience level 3. On T:857 you reached level 3 of The Dungeons of Doom. On T:2051 you advanced to experience level 4. On T:3406 you advanced to experience level 5. On T:3737 you reached level 1 of The Gnomish Mines. On T:4000 you advanced to experience level 6. On T:4076 you reached level 2 of The Gnomish Mines. On T:4505 you reached level 3 of The Gnomish Mines. On T:4519 you reached level 4 of The Gnomish Mines. Latest messages: [HP-5=24] The dagger hits it. The clue golem hits! The brown mold hits! The amphitere bites! [HP-9=15] The dagger hits it. The killer bee hits! The ettin mummy hits! The black naga hatchling misses. [HP-3=12] The dagger hits it. The brogmoid hits! The dog hits! The quantum mechanic bites! The air elemental hits! You die... Final status: Aloha tertium the Tourist... You died in The Gnomish Mines on dungeon level 7 with 2053 points, and 1051 pieces of gold, after 4804 moves. You were level 6 with a maximum of 54 hit points when you died.